 Dungeon Crawl Stone Soup version 0.29.0-4-gdea44cf6ec (webtiles) character file.

Game seed: 17175532418465232568

697 qw the Cleaver (level 7, -5/61 HPs)
             Began as a Minotaur Berserker on Sept 4, 2022.
             Was a Priest of Trog.
             Slain by Maggie
             ... wielding the +9 lance "Wyrmbane" {slay drac, rPois rF+ rC+ AC+3}
              (13 damage)
             ... on level 6 of the Dungeon.
             The game lasted 00:01:04 (3125 turns).

qw the Cleaver (Minotaur Berserker)                 Turns: 3125, Time: 00:01:05

Health: -5/61      AC:  5    Str: 23    XL:     7   Next: 37%
Magic:  0/6        EV: 11    Int:  4    God:    Trog [***...]
Gold:   150        SH:  0    Dex: 10    Spells: 6/6 levels left

rFire   . . .      SeeInvis .   Y - +0 hand axe
rCold   . . .      Faith    .   (no shield)
rNeg    . . .      Spirit   +   l - +0 ring mail
rPois   .          Reflect  .   (helmet restricted)
rElec   .          Harm     .   (no cloak)
rCorr   .          Rampage  .   (no gloves)
Will    +....                   (no boots)
Stlth   ..........              d - amulet of guardian spirit
HPRegen 0.20/turn               b - ring of willpower
MPRegen 0.10/turn               (no ring)

@: on berserk cooldown, slowed, very slow
A: horns 2, retaliatory headbutt
a: Renounce Religion, Berserk, Trog's Hand


You were on level 6 of the Dungeon.
You worshipped Trog.
Trog was most pleased with you.
You visited 1 branch of the dungeon, and saw 4 of its levels.

You collected 150 gold pieces.


Innate Abilities, Weirdness & Mutations

You have a pair of horns on your head.
You reflexively headbutt those who attack you in melee.


   Skills:
 - Level 5.0 Fighting
 + Level 9.8 Axes
 - Level 2.4 Armour
 - Level 2.1 Dodging


You had 6 spell levels left.
You didn't know any spells.
Your spell library was empty.

Inventory:

Hand Weapons
 f - a +0 morningstar
 Y - a +0 hand axe (weapon)
Armour
 i - a +0 pair of gloves
 l - a +0 ring mail (worn)
Jewellery
 b - a ring of willpower (left hand)
 d - an amulet of guardian spirit (around neck)
Scrolls
 a - a scroll of identify
 h - 2 scrolls of brand weapon {unknown}
 j - a scroll of teleportation {unknown}
Potions
 c - a potion of attraction {unknown}
 g - a potion of curing {unknown}
 k - 3 potions of might

Dungeon Overview and Level Annotations

Branches:
Dungeon (3/15)

Altars:

Shops:
D:1 [

Annotations:
D:6 Maggie


Message History

You are no longer berserk.
You are exhausted.
You feel yourself slow down.
The sentinel's mark upon you fades away.
Menkaure, Prince of Dust comes into view.
Menkaure casts a spell at you. Pain shoots through your body!
3117 ||| DRINKING 2 potions of heal wounds.
You feel much better.
You hit Menkaure but do no damage.
Maggie the Vainglorious comes into view.
She is wielding the +9 lance "Wyrmbane" {slay drac, rPois rF+ rC+ AC+3}.
Menkaure hits you!!
3119 ||| DRINKING potion of heal wounds.
You feel much better.
Maggie drinks a potion.
Maggie seems to speed up.
Menkaure closely misses you.
You hit Menkaure but do no damage. Your headbutt misses Menkaure.
Menkaure points at you and mumbles some strange words.
You resist with some effort.
A necrophage comes into view.
You hit Menkaure.
You headbutt Menkaure, but do no damage.
Menkaure is lightly damaged.
Menkaure closely misses you. You furiously retaliate!
You headbutt Menkaure. You slash Menkaure! Your headbutt misses Menkaure.
Menkaure is severely damaged.
Maggie hits you from afar with the +9 lance "Wyrmbane" {slay drac, rPois rF+ rC+ AC+3}.
Menkaure hits you but does no damage. Maggie misses you.
You hit Menkaure but do no damage.
Menkaure is severely damaged.
Menkaure gestures at you while chanting.
You resist with some effort. Maggie completely misses you.
You slash Menkaure!
You destroy Menkaure!
Trog accepts your kill.
Trog appreciates your killing of a magic user.
Maggie gestures wildly while chanting.
Maggie attempts to bespell you! You resist with almost no effort.
Maggie hits you from afar with the +9 lance "Wyrmbane" {slay drac, rPois rF+ rC+ AC+3}!
Maggie hits you with the +9 lance "Wyrmbane" {slay drac, rPois rF+ rC+ AC+3}! x2
You die...

#####################
#....)....).........#
.....#...)).........#
#.......%)#######...#
##....@### ##..#
##.n@## #..# .......
#..# ..##... #..# #
#.... ##..# ......
######...# .......
.........# ######.
..######.# .#######.#


You could see Maggie (fast) and a necrophage.

Vanquished Creatures
  Menkaure (D:6)
  An ogre (D:6)
  A centaur (D:6)
  2 necrophages (D:6)
  A crimson imp (D:6)
  A jelly (D:6)
  3 iguanas (D:6)
  Robin (D:2)
  4 gnolls (D:6)
  An adder (D:2)
  A white imp (D:6)
  An ufetubus (D:6)
  2 dart slugs
  5 orcs
  6 bats
  6 endoplasms
  2 giant cockroaches
  13 goblins
  3 hobgoblins
  5 kobolds
  3 quokkas
  8 ball pythons
  4 frilled lizards
  5 rats
80 creatures vanquished.

Notes
Turn   | Place    | Note
-------+----------+-------------------------------------------
     0 | D:1      | qw the Minotaur Berserker began the quest for the Orb.
     0 | D:1      | Reached XP level 1. HP: 19/19 MP: 0/0
     0 | D:1      | 0 ||| qw: Version: 0.1-a-103-gd6f5d3a
     0 | D:1      | 0 ||| qw: Game counter: 5708
     0 | D:1      | 0 ||| qw: Always use a shield: true
     0 | D:1      | 0 ||| qw: Do Orc after D:15 true
     0 | D:1      | 0 ||| qw: Do second Lair branch before Depths: true
     0 | D:1      | 0 ||| qw: Lair rune preference: random
     0 | D:1      | 0 ||| qw: Plans: Normal
     0 | D:1      | 0 ||| PLANNING D:1-11
   105 | D:1      | Reached skill level 4 in Axes
   331 | D:1      | Reached XP level 2. HP: 26/26 MP: 1/1
   349 | D:1      | Found Caba's Antique Armour Emporium.
   358 | D:1      | 358 ||| SHOPLISTING glowing robe (96 gold, have 30).
   358 | D:1      | 358 ||| SHOPLISTING plate armour (598 gold, have 30).
   358 | D:1      | 358 ||| SHOPLISTING ring mail (104 gold, have 30).
   358 | D:1      | 358 ||| SHOPLISTING runed chain mail (195 gold, have 30).
   358 | D:1      | 358 ||| SHOPLISTING runed leather armour (130 gold, have
                  | 30).
   358 | D:1      | 358 ||| SHOPLISTING runed robe (96 gold, have 30).
   901 | D:1      | 901 ||| UPGRADING to +0 ring mail.
   911 | D:1      | 911 ||| DROPPING +0 animal skin.
   912 | D:1      | 912 ||| READING 5 scrolls labelled QAOPRA YCVUQ.
   913 | D:1      | 913 ||| READING scroll labelled USKEOM DYOCVO.
   914 | D:1      | 914 ||| READING 3 scrolls labelled WAIZAU REARRUPP.
   915 | D:1      | 915 ||| READING scroll labelled OKEUTEIFFUT.
  1016 | D:1      | 1016 ||| READING scroll labelled PUJALL MUIX.
  1017 | D:1      | 1017 ||| READING scroll labelled CEAVVO KUGE.
  1018 | D:1      | 1018 ||| DRINKING 2 sedimented white potions.
  1019 | D:1      | 1019 ||| READING 4 scrolls of identify.
  1019 | D:1      | 1019 ||| IDENTIFYING golden potion
  1020 | D:1      | 1020 ||| READING 3 scrolls of identify.
  1020 | D:1      | 1020 ||| IDENTIFYING blue potion
  1021 | D:1      | 1021 ||| DROPPING potion of magic.
  1022 | D:1      | 1022 ||| DROPPING 2 scrolls of magic mapping.
  1023 | D:1      | 1023 ||| Stepping randomly (stuck).
  1024 | D:1      | 1024 ||| Stepping ~*~*~tactically~*~*~ (cloud).
  1282 | D:2      | 1282 ||| Stepping ~*~*~tactically~*~*~ (stealth).
  1287 | D:2      | Reached skill level 5 in Axes
  1288 | D:2      | Noticed Robin
  1289 | D:2      | 1289 ||| Stepping ~*~*~tactically~*~*~ (hiding).
  1295 | D:2      | Reached XP level 3. HP: 31/31 MP: 2/2
  1296 | D:2      | 1296 ||| INVOKING Berserk.
  1301 | D:2      | Killed Robin
  1307 | D:2      | Reached ** piety under Trog
  1729 | D:2      | Reached skill level 6 in Axes
  1729 | D:2      | Reached XP level 4. HP: 39/39 MP: 3/3
  1892 | D:2      | 1892 ||| Stepping ~*~*~tactically~*~*~ (stealth).
  1893 | D:2      | 1893 ||| Stepping ~*~*~tactically~*~*~ (stealth).
  2274 | D:2      | 2274 ||| UPGRADING to amulet of guardian spirit.
  2279 | D:2      | 2279 ||| UPGRADING to ring of willpower.
  2280 | D:2      | 2280 ||| READING scroll labelled CONKESHRUOC.
  2281 | D:2      | 2281 ||| READING 2 scrolls of identify.
  2281 | D:2      | 2281 ||| IDENTIFYING fizzy clear potion
  2282 | D:2      | 2282 ||| DROPPING potion of flight.
  2360 | D:3      | 2360 ||| DROPPING +0 whip.
  2459 | D:3      | 2459 ||| Stepping ~*~*~tactically~*~*~ (stealth).
  2705 | D:3      | You fall into a shaft and drop 3 floors!
  2756 | D:6      | Noticed an ogre
  2757 | D:6      | 2757 ||| INVOKING Berserk.
  2761 | D:6      | Killed an ogre
  2762 | D:6      | Reached skill level 7 in Axes
  2762 | D:6      | Reached XP level 5. HP: 45/45 MP: 4/4
  2901 | D:6      | Reached XP level 6. HP: 43/52 MP: 2/5
  2980 | D:6      | Reached skill level 8 in Axes
  3081 | D:6      | 3081 ||| Stepping ~*~*~tactically~*~*~ (hiding).
  3095 | D:6      | 3095 ||| INVOKING Berserk.
  3097 | D:6      | Reached skill level 9 in Axes
  3102 | D:6      | Reached XP level 7. HP: 50/60 MP: 3/6
  3107 | D:6      | HP: 22/91 [iguana (7)]
  3116 | D:6      | Noticed Menkaure
  3116 | D:6      | HP: 9/61 [Menkaure/nerve-wracking pain (7)]
  3117 | D:6      | 3117 ||| DRINKING 2 potions of heal wounds.
  3118 | D:6      | Noticed Maggie
  3119 | D:6      | 3119 ||| DRINKING potion of heal wounds.
  3124 | D:6      | Killed Menkaure
  3124 | D:6      | Reached *** piety under Trog
  3125 | D:6      | HP: 8/61 [Maggie/the +9 lance "Wyrmbane" {slay drac, rPois
                  | rF+ rC+ AC+3} (10)]
  3125 | D:6      | Slain by Maggie

Levels and vault maps discovered:
D:1:      dpeg_arrival_erosion, layout_loops_ring, serial_shops,
          nicolae_shop_statue_plus
D:2:      layout_basic, serial_park_tiny_1, eino_tiny_chamber, uniq_robin
D:3:      layout_loops_ring, grunt_decor_arrowhead
D:6:      layout_loops_ring, minmay_temple_entry_mist, minmay_fire_ice_demons,
          uniq_menkaure, uniq_maggie

Skill      XL: |  1  2  3  4  5  6  7 |
---------------+----------------------+-----
Axes           | 4 5 6 7 9 |  9.8
Fighting       | 4 5 |  5.0
Armour         | |  2.4
Dodging        | |  2.1

Action                   |  1- 3 |  4- 6 |  7- 9 || total
-------------------------+-------+-------+-------++-------
Melee: Hand axe          |    76 |    81 |    13 ||   170
       Headbutt          |     5 |    10 |     2 ||    17
Throw: Boomerang         |    18 |       |       ||    18
Invok: Berserk           |     1 |     2 |       ||     3
  Use: Scroll            |     8 |     2 |       ||    10
       Potion            |     1 |       |     2 ||     3
Armor: Animal skin       |     4 |       |       ||     4
       Ring mail         |     7 |    19 |     1 ||    27
Dodge: Dodged            |    41 |    37 |     7 ||    85

Table legend:
 A = Non-vault XP
 B = Vault XP
 C = Vault XP percentage of total XP
 D = Non-vault monster count
 E = Vault monster count
 F = Vault count percentage of total count
                 A         B        C        D         E       F
            +---------+---------+-------+---------+---------+-------
      Total |     731 |     265 |  26.6 |      67 |      13 |  16.2
            +---------+---------+-------+---------+---------+-------
        D:1 |      32 |       0 |   0.0 |      20 |       0 |   0.0
        D:2 |      45 |      33 |  42.3 |      20 |      10 |  33.3
        D:3 |      27 |       0 |   0.0 |      13 |       0 |   0.0
        D:6 |     627 |     232 |  27.0 |      14 |       3 |  17.6
            +---------+---------+-------+---------+---------+-------
